AoeStats
← DrStylus27

Arena

505309557Analyzed
2v2 RM · 24d ago on Sep 8, 2026· 31m 48s· 4 players
Game mode
Random Map
Map size
Medium (4 player)
Population
200
Speed
Normal
Resources
Standard
Victory
Conquest
Starting age
Dark Age
Ending age
Imperial Age
RankedLock teamsTeams togetherTeam positionsShared explorationLock speedFull tech treeHidden civsTurbo modeCheats
Victory
Defeat
🇺🇸 Wu · United States
1375
+8
🇬🇧 Saracens · United Kingdom
1020
+20
🇩🇪 Romans · Germany
1162
-14
🇩🇪 Portuguese · Germany
1161
-14
DarthY
10:24 Feudal Age
15:06 Castle Age
14:10 Loom
15:06 Horse Collar
22:45 Wheelbarrow
24:59 Double-Bit Axe
29:12 Hand Cart
30:02 Elite Skirmisher
R.
10:57 Feudal Age
14:45 Castle Age
13:01 Horse Collar
14:34 Double-Bit Axe
19:10 Bow Saw
24:25 Elite Skirmisher
25:33 Fletching
26:59 Bodkin Arrow
DrStylus27
11:07 Feudal Age
15:48 Castle Age
15:48 Double-Bit Axe
16:34 Fletching
27:40 Bow Saw
31:50 Horse Collar
Gladiator
11:07 Feudal Age
12:38 Loom
15:16 Castle Age
13:44 Double-Bit Axe
14:06 Horse Collar
17:41 Fletching
19:34 Bodkin Arrow
23:12 Red Cliffs Tactics
25:16 Ballistics
26:40 Coinage
Connection lost

Rejoining the realm…

Still unreachable

The connection could not be restored.

Session expired

The server has moved on; the page needs a fresh start.